 Dungeon Crawl Stone Soup version 0.30-a0-737-gf23d94013f (webtiles) character file.

Game seed: 9020385134137668639

3141 pupy the Fighter (level 9, -3/83 HPs)
             Began as a Minotaur Berserker on Feb 2, 2023.
             Was an Elder of Trog.
             Engulfed by a cloud of freezing vapour (16 damage)
             ... on level 7 of the Dungeon.
             The game lasted 00:30:27 (4684 turns).

pupy the Fighter (Minotaur Berserker)               Turns: 4684, Time: 00:30:28

Health: -3/83      AC: 12    Str: 31    XL:     9   Next: 61%
Magic:  0/8        EV: 11    Int:  4    God:    Trog [****..]
Gold:   284        SH:  0    Dex: 11    Spells: 8/8 levels left

rFire   . . .      SeeInvis .    a - +1 hand axe
rCold   . . .      Faith    .    (no shield)
rNeg    . . .      Spirit   +    d - +1 chain mail
rPois   .          Reflect  .    (helmet restricted)
rElec   .          Harm     .    (no cloak)
rCorr   +          Rampage  .    (no gloves)
Will    .....                    (no boots) Stlth
                                 s - amulet of guardian spirit
HPRegen 0.33/turn                t - +6 ring of strength
MPRegen 0.11/turn                h - ring of resist corrosion

@: no status effects
A: horns 2, retaliatory headbutt
a: Renounce Religion, Berserk, Trog's Hand, Brothers in Arms


You were on level 7 of the Dungeon.
You worshipped Trog.
Trog was greatly pleased with you.
You visited 1 branch of the dungeon, and saw 7 of its levels.

You collected 284 gold pieces.

Inventory:

Hand Weapons
 a - a +1 hand axe (weapon)
 e - a +1 dagger of draining
 i - a +1 flail of protection
Armour
 d - a +1 chain mail (worn)
 j - a +2 scale mail of poison resistance
Jewellery
 h - a ring of resist corrosion (right hand)
 n - a +6 ring of strength
 o - a ring of see invisible
 s - an amulet of guardian spirit (around neck)
 t - a +6 ring of strength (left hand)
Wands
 g - a wand of flame (5)
 y - a wand of charming (4)
Scrolls
 k - 7 scrolls of identify
 l - 2 scrolls of vulnerability
 r - a scroll of blinking {unknown}
 v - a scroll of enchant weapon
 w - 2 scrolls of teleportation {unknown}
Potions
 b - a potion of attraction {unknown}
 c - 2 potions of heal wounds
 f - 2 potions of flight {unknown}
 m - a potion of resistance {unknown}
 p - 2 potions of cancellation
 q - 2 potions of degeneration
 u - 2 potions of curing {unknown}
 x - a potion of mutation {unknown}


   Skills:
 + Level 9.0 Fighting
 + Level 8.9 Axes
 + Level 8.4 Armour
 + Level 7.7 Dodging


You had 8 spell levels left.
You didn't know any spells.
Your spell library contained the following spells:

 Spells                   Type           Power      Damage    Failure   Level
 Sublimation of Blood     Necr           0%         N/A       98%         2
 Wereblood                Tmut           0%         N/A       98%         2
 Ignite Poison            Fire/Tmut/Pois 0%         N/A       100%        3
 Sticky Flame             Conj/Fire      0%         2d3       100%        4
 Summon Hydra             Summ           0%         N/A       100%        7
 Borgnjor's Revivificati  Necr           0%         N/A       100%        8
 Ignition                 Fire           0%         3d3       100%        8
 Necromutation            Tmut/Necr      0%         N/A       100%        8
 Death's Door             Necr           0%         N/A       100%        9


Dungeon Overview and Level Annotations

Branches:
Dungeon (7/15)             Temple (0/1) D:4

Altars:
Trog
Wu Jian

Shops:
D:4 =


Innate Abilities, Weirdness & Mutations

You have a pair of horns on your head.
You reflexively headbutt those who attack you in melee.


Message History

You hit the phantom but do no damage.
The phantom is almost destroyed.
The phantom closely misses you. You furiously retaliate!
You headbutt the phantom.
You destroy the phantom!
Trog accepts your kill.
Your Fighting skill increases to level 9!
You see here a killer bee corpse.
You feel yourself speed up.
You open the door.
Really walk into a travel-excluded area? [Y]es or [N]o only, please.
Really walk into a travel-excluded area?
Okay, then.
Saving game... please wait.
Welcome back, pupy the Minotaur Berserker.
Trog says: Kill them all!
Press ? for a list of commands and other information.
You recover from your berserk rage.
Found a brightly glowing flail.
Found 11 gold pieces.
You see here the +5 flail of Experimentation {heavy, rC++ Int+7}.
Found a ring mail.
Found a stone staircase leading down.
You now have 284 gold pieces (gained 11).
You see here a +0 ring mail.
Really walk into a travel-excluded area?
There is an open door here.
Okay, then.
Cleave: a) +1 hand axe
Press: ? - help, Dir - move target Your weapon can't reach that far!
Okay, then.
You are engulfed in freezing vapours.
Found a mace.
You are engulfed in freezing vapours.
You are engulfed in freezing vapours.
You are engulfed in freezing vapours.
* * * LOW HITPOINT WARNING * * *
You are engulfed in freezing vapours.
You die...

####.##$#○#####
#..###... #.##[#.#...#
##.......
#.##§#.#...#####.......
##§#.#.........##....
##§#.#...########.#.. #
##§#.#...# #..).#
##.##§#.#...# ##....#
....#§#.##########.....#
....#§#@##..............
....#.#§##.#######.....#
....#.#§#..# #.#.#..
....#.#§#### .....##.
....#.#§## #.##.## #
)...#.#§## #. #.#
....#.#§## # #.#
#####..§## ..# #######


There were no monsters in sight!

Vanquished Creatures
  A two-headed ogre (D:4)
  Grinder (D:4)
  Sigmund (D:3)
  A wraith (D:6)
  Edmund (D:4)
  A sky beast (D:6)
  An ice beast (D:6)
  3 black bears
  An ogre (D:6)
  A phantom (D:7)
  A bullfrog (D:6)
  3 scorpions
  2 necrophages
  6 killer bees (D:7)
  4 hounds
  2 jellies (D:5)
  4 orc priests
  6 iguanas
  2 orc wizards
  4 gnolls (D:4)
  7 adders
  A shadow imp (D:5)
  An ufetubus (D:4)
  2 worms
  2 dart slugs (D:1)
  18 orcs
  9 ball pythons
  6 endoplasms
  6 giant cockroaches
  7 goblins
  9 hobgoblins
  6 jackals (D:3)
  6 quokkas
  7 bats
  A frilled lizard (D:1)
  8 kobolds
  2 rats (D:1)
144 creatures vanquished.

Notes
Turn   | Place    | Note
-------+----------+-------------------------------------------
     0 | D:1      | pupy the Minotaur Berserker began the quest for the Orb.
     0 | D:1      | Reached XP level 1. HP: 19/19 MP: 0/0
   268 | D:1      | Reached XP level 2. HP: 27/27 MP: 1/1
   486 | D:1      | Reached skill level 4 in Fighting
   536 | D:1      | Reached ** piety under Trog
   542 | D:1      | Reached XP level 3. HP: 32/33 MP: 2/2
  1196 | D:2      | Reached XP level 4. HP: 40/40 MP: 3/3
  1604 | D:3      | Noticed Sigmund
  1624 | D:3      | Killed Sigmund
  1625 | D:3      | Reached skill level 5 in Fighting
  1625 | D:3      | Reached skill level 5 in Axes
  1625 | D:3      | Reached XP level 5. HP: 39/48 MP: 4/4
  1638 | D:3      | Reached XP level 6. HP: 52/56 MP: 5/5
  2095 | D:4      | Noticed Grinder
  2098 | D:4      | Reached *** piety under Trog
  2390 | D:4      | Noticed Edmund
  2391 | D:4      | Paralysed by Grinder for 4 turns
  2397 | D:4      | Paralysed by Grinder for 4 turns
  2534 | D:4      | Killed Grinder
  2535 | D:4      | Reached skill level 5 in Armour
  2535 | D:4      | Reached XP level 7. HP: 62/62 MP: 6/6
  2538 | D:4      | Killed Edmund
  2539 | D:4      | Reached skill level 6 in Fighting
  2564 | D:4      | Found Peuwitzi's Jewellery Shop.
  2656 | D:4      | Reached skill level 5 in Dodging
  2717 | D:4      | Noticed a two-headed ogre
  2728 | D:4      | Killed a two-headed ogre
  2729 | D:4      | Reached skill level 7 in Fighting
  2729 | D:4      | Reached XP level 8. HP: 31/73 MP: 1/7
  2896 | D:4      | Found a staircase to the Ecumenical Temple.
  2978 | D:4      | Identified the +8 dagger "Giantslayer" {speed, rPois rCorr}
  3191 | D:5      | Entered Level 5 of the Dungeon
  3736 | D:6      | Reached XP level 9. HP: 81/81 MP: 8/8
  3738 | D:6      | Reached skill level 8 in Fighting
  3824 | D:6      | Found an ornate altar of the Wu Jian Council.
  3833 | D:6      | Found a bloodstained altar of Trog.
  4526 | D:7      | Reached **** piety under Trog
  4558 | D:7      | Reached skill level 9 in Fighting
  4601 | D:7      | Identified the +5 flail of Experimentation {heavy, rC++
                  | Int+7}
  4684 | D:7      | Engulfed by a cloud of freezing vapour

Illustrated notes

Levels and vault maps discovered:
D:1:      grunt_arrival_crossed_arrows, layout_basic, minmay_hexomino_c4
D:2:      layout_rooms
D:3:      layout_rooms, uniq_sigmund
D:4:      layout_cave_pools, minmay_temple_entry_enclosed_plants, serial_shops,
          nicolae_shop_waterfront, uniq_edmund, uniq_grinder
D:5:      layout_rooms, chequers_decorated_corner
D:6:      layout_basic, mainiacjoe_overflow_large_starburst, grunt_ministairs_1,
          chequers_serial_rivers_micro_a, hangedman_decor_clover_reticule,
          minmay_misc_feat_ornament
D:7:      lemuel_ice_spiral_2, layout_rooms, lemuel_tele_altar,
          gammafunk_temple_overflow_claw, uniq_duvessa

Skill      XL: |  1  2  3  4  5  6  7  8  9 |
---------------+----------------------------+-----
Axes           | 4 5 7 8 |  8.9
Fighting       | 4 5 7 9 |  9.0
Armour         | 3 4 5 6 7 8 |  8.4
Dodging        | 3 4 5 6 7 |  7.7

Action                     |  1- 3 |  4- 6 |  7- 9 || total
---------------------------+-------+-------+-------++-------
  Melee: Hand axe          |    76 |    88 |   122 ||   286
         Headbutt          |    14 |    13 |    26 ||    53
         Flail             |       |       |    24 ||    24
         Punch             |       |       |     3 ||     3
 Invoke: Berserk           |     2 |     5 |     6 ||    13
         Trog's Hand       |       |       |     1 ||     1
    Use: Scroll            |       |     7 |       ||     7
         Potion            |       |     3 |       ||     3
 Armour: Animal skin       |     4 |       |       ||     4
         Chain mail        |    37 |    67 |    60 ||   164
  Dodge: Dodged            |    36 |    63 |    67 ||   166

Table legend: (Time is in decaauts)
 A = Elapsed time spent in this place.
 B = Non-inter-level travel time spent in this place.
 C = Inter-level travel time spent in this place.
 D = Time resting spent in this place.
 E = Time spent auto-exploring this place.
 F = Levels seen in this place.
 G = Mean time per level.
                   A        B        C        D        E       F      G
               +--------+--------+--------+--------+--------+-----+--------+
         Total |   4816 |   4583 |    233 |    602 |   1298 |   7 |  688.0 |
       Dungeon |   4816 |   4583 |    233 |    602 |   1298 |   7 |  688.0 |
               +--------+--------+--------+--------+--------+-----+--------+

Top non-repeatable levels by time:
     D:3: 1090 daAuts
     D:1: 937 daAuts
     D:6: 786 daAuts
     D:4: 770 daAuts
     D:5: 533 daAuts
     D:2: 476 daAuts
     D:7: 220 daAuts
